 Dungeon Crawl Stone Soup version 0.31-a0-1591-g515db51633 (webtiles) character file.

Game seed: 15349812523627762580

257 croobank the Caller (level 5, -5/26 HPs)
             Began as a Felid Summoner on Jan 7, 2024.
             Slain by a gnoll sergeant
             ... wielding a +0 trident
              (14 damage)
             ... on level 5 of the Dungeon.
             The game lasted 00:14:38 (3796 turns).

croobank the Caller (Felid Summoner)                Turns: 3796, Time: 00:14:39

Health: -5/26      AC:  1    Str: 10    XL:     5   Next: 93%
Magic:  4/10       EV: 19    Int: 20    God:
Gold:   224        SH:  0    Dex: 17    Spells: 4/10 levels left
                                        Lives:  0   Deaths: 2

rFire   . . .        (weapon unavailable)
rCold   . . .        (shield unavailable)
rNeg    . . .        (body armour unavailable)
rPois   .            (helmet unavailable)
rElec   .            (cloak unavailable)
rCorr   .            (gloves unavailable)
SInv    +            (boots unavailable)
Will    .....        (no amulet)
Stlth   +++          b - +6 ring of strength
HPRegen 0.24/turn    (no ring)
MPRegen 0.12/turn

%: no passive effects
@: inugami summoned
A: very small, claws 1, fangs 3, see invisible, shaggy fur 1, stealthy paws, no
weapons or thrown items, no armour, multi-lived
a: no special abilities


You were on level 5 of the Dungeon.
You visited 1 branch of the dungeon, and saw 5 of its levels.

You collected 224 gold pieces.

Inventory:

Jewellery
 b - a +6 ring of strength (left paw)
Talismans
 g - a talisman of death
Wands
 i - a wand of iceblast (8)
Scrolls
 c - a scroll of noise
Potions
 a - a potion of magic
 d - 2 potions of curing
 e - a potion of lignification
 o - a potion of ambrosia


   Skills:
 + Level 2.2 Fighting
 + Level 4.3 Dodging
 + Level 4.6 Stealth
 + Level 3.1 Spellcasting
 + Level 4.8 Summonings


You had 4 spell levels left.
You knew the following spells:

 Your Spells              Type           Power      Damage    Failure   Level
a - Summon Small Mammal   Summ           88%        N/A       1%          1
b - Call Imp              Summ           44%        N/A       3%          2
c - Call Canine Familiar  Summ           22%        N/A       6%          3

Your spell library contained the following spells:

 Spells                   Type           Power      Damage    Failure   Level
 Sandblast                Erth           6%         2d5       14%         1
 Scorch                   Fire           6%         2d5       22%         2
 Passwall                 Erth           3%         N/A       38%         3
 Stone Arrow              Conj/Erth      6%         3d7       38%         3
 Summon Blazeheart Golem  Fire/Summ      12%        N/A       45%         4
 Summon Lightning Spire   Summ/Air       12%        N/A       45%         4
 Brom's Barrelling Bould  Conj/Erth      3%         2d3       80%         4
 Flame Wave               Conj/Fire      3%         2d5       80%         4
 Summon Cactus Giant      Summ           11%        N/A       96%         6


Dungeon Overview and Level Annotations

Branches:
Dungeon (5/15)
 Temple: D:4-7

Altars:
Trog

Annotations:
D:4 Pikel


Innate Abilities, Weirdness & Mutations

You have sharp claws.
You have razor-sharp teeth.
You have supernaturally acute eyesight. (SInv)
You are covered in fur. (AC +1)
Your paws help you pounce on unaware monsters.
You are incapable of wielding weapons or throwing items.
You cannot wear armour.
You gain extra lives every three experience levels.


Message History

A bombardier beetle comes into view.
You start resting.
A gnoll sergeant is nearby!
You see here an iguana corpse.
You swap places.
You swap places.
The bombardier beetle bites your inugami but does no damage.
Your cerulean imp completely misses the bombardier beetle.
Your inugami hits the bombardier beetle.
Your cerulean imp hits the bombardier beetle but does no damage.
Your inugami hits the bombardier beetle.
The bombardier beetle closely misses your inugami.
Your cerulean imp hits the bombardier beetle but does no damage.
Your inugami barely misses the bombardier beetle.
Your cerulean imp hits the bombardier beetle but does no damage.
Your inugami hits the bombardier beetle.
The bombardier beetle closely misses you.
You scratch the bombardier beetle.
You claw the bombardier beetle, but do no damage.
The bombardier beetle is heavily wounded.
Your cerulean imp hits the bombardier beetle but does no damage.
Your inugami hits the bombardier beetle.
You closely miss the bombardier beetle.
The bombardier beetle is severely wounded.
Your cerulean imp disappears in a puff of smoke!
The bombardier beetle misses you.
Your inugami hits the bombardier beetle.
The gnoll sergeant hits you from afar with a +0 trident!
You closely miss the bombardier beetle.
The bombardier beetle is almost dead.
Your inugami hits the bombardier beetle.
The gnoll sergeant completely misses you.
You scratch the bombardier beetle but do no damage.
You bite the bombardier beetle, but do no damage.
The bombardier beetle is almost dead.
The bombardier beetle sprays incendiary fluid at you.
The burning spray misses you.
The gnoll sergeant hits you from afar with a +0 trident!
Ouch! That really hurt!
You die...

########..##...# #....
###...####..##...# #../.
#........#.......# #....
#........#...(...# #....
#........'.......# ##...
#...##'###########
#....#######..##..##..
..#........g............
.........@.g..g.........
...#..†.Bh..†..g........
#...####.####...###.
#... ### #...# .....
#l..# ...... #.g.#
....... #...# ..##...
#### #...# #.>.##g).##


You could see a gnoll sergeant, a bombardier beetle (ally target), 3 gnolls and
a friendly inugami (summoned).

Vanquished Creatures
  A gnoll (D:5)
  An orc (D:5)
  3 endoplasms
  A giant cockroach (D:1)
  A quokka (D:4)
  A kobold (D:4)
  2 rats
10 creatures vanquished.

Vanquished Creatures (collateral kills)
  A scorpion (D:4)
  2 hounds
  An iguana (D:5)
  3 adders
  A dart slug (D:1)
  A ribbon worm (D:2)
  2 orcs
  6 ball pythons
  5 endoplasms
  2 giant cockroaches
  7 goblins
  6 hobgoblins
  5 kobolds
  2 quokkas (D:1)
  7 bats
  5 frilled lizards
  5 rats (D:1)
61 creatures vanquished.

Grand Total: 71 creatures vanquished

Notes
Turn   | Place    | Note
-------+----------+-------------------------------------------
     0 | D:1      | croobank the Felid Summoner began the quest for the Orb.
     0 | D:1      | Reached XP level 1. HP: 9/9 MP: 4/4
   160 | D:1      | Reached XP level 2. HP: 14/14 MP: 6/6
   163 | D:1      | Learned a level 2 spell: Call Imp
   784 | D:1      | Reached XP level 3. HP: 17/17 MP: 2/7
  1100 | D:2      | Reached skill level 1 in Fighting
  1252 | D:2      | Learned a level 3 spell: Call Canine Familiar
  1688 | D:2      | Found a faded altar of an unknown god.
  1848 | D:2      | Reached XP level 4. HP: 21/22 MP: 5/8
  1848 | D:2      | Gained a life (2 lives remaining)
  3293 | D:3      | Found a bloodstained altar of Trog.
  3442 | D:4      | Noticed a scorpion
  3461 | D:4      | Killed a scorpion
  3462 | D:4      | Reached XP level 5. HP: 18/26 MP: 3/10
  3566 | D:4      | Noticed Pikel
  3567 | D:4      | Noticed a lemure
  3571 | D:4      | Noticed a lemure
  3571 | D:4      | Noticed a lemure
  3573 | D:4      | Noticed a lemure
  3601 | D:4      | Slain by Pikel
  3601 | D:4      | Lost a life (1 life remaining)
  3629 | D:4      | Slain by a lemure
  3629 | D:4      | Lost a life (0 lives remaining)
  3667 | D:5      | Entered Level 5 of the Dungeon
  3796 | D:5      | Slain by a gnoll sergeant

Illustrated notes

Levels and vault maps discovered:
D:1:      dpeg_arrival_tiny_a, layout_basic
D:2:      layout_basic, shapermc_ecumenical_altar_mp_ritualfount
D:3:      layout_basic, lemuel_doored_altar, nicolae_the_louvre
D:4:      layout_loops_ring, mainiacjoe_ossuary_entry_dusty_tomb,
          kennysheep_generic_room_5, uniq_robin, uniq_pikel, uniq_blork_the_orc
D:5:      layout_gridville, minmay_misc_feat_plants

Skill      XL: |  1  2  3  4  5 |
---------------+----------------+-----
Stealth        | 3 4 |  4.6
Dodging        | 3 4 |  4.3
Fighting       | 1 2 |  2.2
Spellcasting   | 3 |  3.1
Summonings     | |  4.8

Action                     |  1- 3 |  4- 6 || total
---------------------------+-------+-------++-------
  Melee: Unarmed           |    22 |    47 ||    69
         Bite              |       |     3 ||     3
         Punch             |       |     1 ||     1
   Cast: Summon Small Mamm |    34 |    17 ||    51
         Call Imp          |    19 |    11 ||    30
         Call Canine Famil |     5 |    12 ||    17
  Evoke: Wand              |       |     2 ||     2
    Use: Scroll            |       |     9 ||     9
         Potion            |       |     5 ||     5
   Stab: Sleeping          |     5 |     2 ||     7
 Armour: Skin              |    19 |    73 ||    92
  Dodge: Dodged            |    34 |    39 ||    73

Table legend: (Time is in decaauts)
 A = Elapsed time spent in this place.
 B = Non-inter-level travel time spent in this place.
 C = Inter-level travel time spent in this place.
 D = Time resting spent in this place.
 E = Time spent auto-exploring this place.
 F = Levels seen in this place.
 G = Mean time per level.
                   A        B        C        D        E       F      G
               +--------+--------+--------+--------+--------+-----+--------+
         Total |   3797 |   3610 |    187 |    485 |   2263 |   5 |  759.4 |
       Dungeon |   3797 |   3610 |    187 |    485 |   2263 |   5 |  759.4 |
               +--------+--------+--------+--------+--------+-----+--------+

Top non-repeatable levels by time:
     D:2: 1334 daAuts
     D:1: 1070 daAuts
     D:3: 938 daAuts
     D:4: 325 daAuts
     D:5: 128 daAuts
